 Dungeon Crawl Stone Soup version 0.30-a0-694-g3340775977 (webtiles) character file.

Game seed: 8839868032703635746

217 Bnni the Vexing (level 6, 0/44 HPs)
             Began as a Formicid Hexslinger on Jan 20, 2023.
             Slain by Terence
             ... wielding a +0 flail
              (5 damage)
             ... on level 3 of the Dungeon.
             The game lasted 00:03:51 (2420 turns).

Bnni the Vexing (Formicid Hexslinger)               Turns: 2420, Time: 00:03:51

Health: 0/44       AC:  4    Str: 14    XL:     6   Next: 16%
Magic:  7/9        EV: 12    Int: 15    God:
Gold:   73         SH:  0    Dex: 14    Spells: 1/9 levels left

rFire   . . .      SeeInvis +    a - +1 sling
rCold   . . .      Faith    .    (no shield)
rNeg    . . .      Spirit   .    c - +0 robe
rPois   .          Reflect  .    (helmet unavailable)
rElec   .          Harm     .    (no cloak)
rCorr   .          Rampage  .    f - +0 pair of gloves
Will    .....                    d - +0 pair of boots
Stlth   +                        (no amulet)
HPRegen 0.27/turn                (no ring)
MPRegen 0.11/turn                (no ring)

@: no status effects
A: permanent stasis, dig shafts and tunnels, antennae 3, four strong arms
a: Dig, Shaft Self


You were on level 3 of the Dungeon.
You visited 1 branch of the dungeon, and saw 3 of its levels.

You collected 73 gold pieces.

Inventory:

Hand Weapons
 a - a +1 sling (weapon)
Armour
 c - a +0 robe (worn)
 d - a +0 pair of boots (worn)
 f - a +0 pair of gloves (worn)
Jewellery
 p - a ring of flight
Wands
 j - a wand of quicksilver (9)
 q - a wand of digging (1)
Scrolls
 b - a scroll of poison
 e - a scroll of amnesia {unknown}
 i - a scroll of identify {unknown}
 l - a scroll of immolation {unknown}
 n - a scroll of enchant armour {unknown}
Potions
 g - a potion of magic {unknown}
 h - a potion of haste {unknown}
 k - a potion of mutation {unknown}
 m - a potion of brilliance {unknown}
 o - a potion of attraction {unknown}


   Skills:
 + Level 2.2 Fighting
 * Level 3.4 Ranged Weapons
 - Level 1.7 Dodging
 + Level 2.1 Spellcasting
 * Level 5.0 Hexes
 * Level 2.4 Fire Magic


You had one spell level left.
You knew the following spells:

 Your Spells              Type           Power      Damage    Failure   Level
a - Slow                  Hex            64%        N/A       2%          1
b - Inner Flame           Hex/Fire       12%        N/A       14%         3
d - Cause Fear            Hex            8%         N/A       28%         4

Your spell library contained the following spells:

 Spells                   Type           Power      Damage    Failure   Level
 Ensorcelled Hibernation  Hex/Ice        18%        N/A       12%         2
 Portal Projectile        Hex/Tloc       18%        N/A       24%         3
 Spider Form              Tmut/Pois      1%         N/A       54%         3
 Anguish                  Hex/Necr       4%         N/A       61%         4


Dungeon Overview and Level Annotations

Branches:
Dungeon (3/15)

Altars:

Shops:
D:1 *

Annotations:
D:3 Terence


Innate Abilities, Weirdness & Mutations

You cannot be hasted, slowed, berserked, paralysed or teleported.
You can dig through walls and to a lower floor.
You have a pair of large antennae on your head. (SInv)
Your four strong arms can wield two-handed weapons with a shield.


Message History

Fire: a) +1 sling
Press: ? - help, Shift-Dir - straight line, f/p - frilled lizard
Aim: a frilled lizard (inner flame, 40% to hit)
You shoot a sling bullet. The sling bullet hits Terence.
Terence is heavily wounded.
Terence misses you. Terence hits you with a +0 flail.
Fire: a) +1 sling
Press: ? - help, Shift-Dir - straight line, f/p - frilled lizard
Aim: a frilled lizard (inner flame, 40% to hit)
You shoot a sling bullet.
The sling bullet hits Terence but does no damage.
Terence is heavily wounded.
Terence closely misses you.
Unknown command.
Fire: a) +1 sling
Press: ? - help, Shift-Dir - straight line, f/p - frilled lizard
Aim: a frilled lizard (inner flame, 40% to hit)
You shoot a sling bullet.
The sling bullet closely misses Terence.
The sling bullet barely misses the frilled lizard.
Terence hits you with a +0 flail.
* * * LOW HITPOINT WARNING * * *
Fire: a) +1 sling
Press: ? - help, Shift-Dir - straight line, f/p - frilled lizard
Aim: a frilled lizard (inner flame, 40% to hit)
You shoot a sling bullet.
The sling bullet hits Terence but does no damage.
Terence is heavily wounded.
Terence hits you with a +0 flail.
* * * LOW HITPOINT WARNING * * *
Unknown command.
Fire: a) +1 sling
Press: ? - help, Shift-Dir - straight line, f/p - frilled lizard
Aim: a frilled lizard (inner flame, 40% to hit)
You shoot a sling bullet. The sling bullet hits Terence.
Terence is almost dead.
Terence hits you with a +0 flail!
* * * LOW HITPOINT WARNING * * *
Terence hits you with a +0 flail.
You die...

#.# #.....†.........
#.###....>..........
#.##............#..#
#.##.#....).....##..
.##.#.......... ##
#.#####... ##.# ....
#..# #..... #
#@##.....
#.#@#....$.
#..l.....#
###......# .........
.........#
........###
........##
.........#


You could see Terence and a frilled lizard (inner flame).

Vanquished Creatures
  Jessica (D:2)
  Ijyb (D:2)
  Natasha (thrice) (D:2)
  4 adders (D:2)
  A worm (D:3)
  3 dart slugs
  4 endoplasms
  3 giant cockroaches
  5 goblins
  4 hobgoblins
  2 jackals (D:2)
  3 kobolds (D:1)
  3 quokkas
  5 ball pythons
  3 bats
  5 rats
50 creatures vanquished.

Notes
Turn   | Place    | Note
-------+----------+-------------------------------------------
     0 | D:1      | Bnni the Formicid Hexslinger began the quest for the Orb.
     0 | D:1      | Reached XP level 1. HP: 15/15 MP: 2/2
    89 | D:1      | Reached XP level 2. HP: 14/21 MP: 3/3
   785 | D:1      | Found Joov's Assorted Antiques.
   864 | D:1      | Reached skill level 4 in Hexes
   864 | D:1      | Reached XP level 3. HP: 25/26 MP: 4/4
   868 | D:1      | Learned a level 3 spell: Inner Flame
  1015 | D:2      | Reached skill level 1 in Fire Magic
  1093 | D:2      | Noticed Natasha
  1114 | D:2      | HP: 1/26 [Natasha (2)]
  1116 | D:2      | Killed Natasha
  1117 | D:2      | Reached XP level 4. HP: 2/32 MP: 3/6
  1249 | D:2      | Noticed Jessica
  1264 | D:2      | Killed Jessica
  1541 | D:2      | Noticed Natasha
  1547 | D:2      | Reached XP level 5. HP: 36/38 MP: 7/7
  1567 | D:2      | Killed Natasha
  1660 | D:2      | Found a faded altar of an unknown god.
  1812 | D:2      | Noticed Natasha
  1822 | D:2      | Killed Natasha
  2057 | D:3      | Noticed Ijyb
  2130 | D:2      | Killed Ijyb
  2131 | D:2      | Reached XP level 6. HP: 4/44 MP: 5/9
  2284 | D:2      | Learned a level 4 spell: Cause Fear
  2353 | D:3      | Reached skill level 5 in Hexes
  2406 | D:3      | Noticed Terence
  2420 | D:3      | Slain by Terence

Illustrated notes

Levels and vault maps discovered:
D:1:      amcnicky_arrival_blooded_trapdoor, layout_loops_corners, serial_shops,
          nicolae_shop_trees
D:2:      layout_basic, hellmonk_ecumenical_altar_crossroads, uniq_jessica,
          uniq_natasha
D:3:      layout_rooms, uniq_terence, uniq_ijyb

Skill      XL: |  1  2  3  4  5  6 |
---------------+-------------------+-----
Hexes          | 4 5 |  5.0
Fire Magic     | 1 2 |  2.4
Fighting       | 2 |  2.2
Ranged Weapons | 3 |  3.4
Spellcasting   | 2 |  2.1
Dodging        | |  1.7

Action                   |  1- 3 |  4- 6 || total
-------------------------+-------+-------++-------
 Fire: Sling             |    92 |   148 ||   240
 Cast: Slow              |     3 |    14 ||    17
       Inner Flame       |       |     1 ||     1
Evoke: Wand              |       |     1 ||     1
Armor: Robe              |    19 |    33 ||    52
Dodge: Dodged            |    26 |    69 ||    95

Table legend: (Time is in decaauts)
 A = Elapsed time spent in this place.
 B = Non-inter-level travel time spent in this place.
 C = Inter-level travel time spent in this place.
 D = Time resting spent in this place.
 E = Time spent auto-exploring this place.
 F = Levels seen in this place.
 G = Mean time per level.
                   A        B        C        D        E       F      G
               +--------+--------+--------+--------+--------+-----+--------+
         Total |   2483 |   2454 |     29 |    211 |   1745 |   3 |  827.7 |
       Dungeon |   2483 |   2454 |     29 |    211 |   1745 |   3 |  827.7 |
               +--------+--------+--------+--------+--------+-----+--------+

Top non-repeatable levels by time:
     D:2: 1425 daAuts
     D:1: 929 daAuts
     D:3: 128 daAuts
